 Dungeon Crawl Stone Soup version 0.29-a0-982-gaed3a0c8d8 (webtiles) character file.

Game seed: 10254594170831321061

20 ragingrage the Grasshopper (level 2, 0/23 HPs)
             Began as a Gnoll Wanderer on Aug 1, 2022.
             Slain by an orc priest
             ... wielding a +0 whip
              (1 damage)
             ... on level 2 of the Dungeon.
             The game lasted 00:00:42 (1091 turns).

ragingrage the Grasshopper (Gnoll Wanderer)         Turns: 1091, Time: 00:00:43

Health: 0/23       AC:  3    Str: 14    XL:     2   Next: 79%
Magic:  5/5        EV: 11    Int: 10    God:
Gold:   83         SH:  0    Dex:  9    Spells: 5/6 levels left

rFire   . . .      SeeInvis .   f - +0 hand axe
rCold   . . .      Faith    .   (no shield)
rNeg    . . .      Spirit   .   e - +0 leather armour
rPois   .          Reflect  .   (no helmet)
rElec   .          Harm     .   (no cloak)
rCorr   .          Rampage  .   (no gloves)
Will    .....                   (no boots)
Stlth   +.........              (no amulet)
HPRegen 0.07/turn               (no ring)
MPRegen 0.09/turn               (no ring)

@: about to teleport
A: fangs 1, strong nose, distributed training
a: no special abilities


You were on level 2 of the Dungeon.
You visited 1 branch of the dungeon, and saw 2 of its levels.

You collected 83 gold pieces.

Inventory:

Hand Weapons
 f - a +0 hand axe (weapon)
 i - a +0 sling
Missiles
 b - 17 poisoned darts (quivered)
Armour
 e - a +0 leather armour (worn)
Scrolls
 a - a scroll of teleportation
 c - 2 scrolls of identify {unknown}
 g - a scroll of summoning {unknown}
Potions
 d - 2 potions of lignification


   Skills:
 + Level 2.5 Fighting
 + Level 0.5 Short Blades
 + Level 0.5 Long Blades
 + Level 0.5 Axes
 + Level 2.5 Maces & Flails
 + Level 0.5 Polearms
 + Level 0.5 Staves
 + Level 0.5 Ranged Weapons
 + Level 4.5 Throwing
 + Level 2.5 Armour
 + Level 0.5 Dodging
 + Level 0.5 Stealth
 + Level 0.5 Shields
 + Level 0.5 Unarmed Combat
 + Level 2.7 Spellcasting
 + Level 0.4 Conjurations
 + Level 0.4 Hexes
 + Level 0.4 Summonings
 + Level 0.4 Necromancy
 + Level 7.0 Translocations
 + Level 0.4 Transmutations
 + Level 0.4 Fire Magic
 + Level 0.4 Ice Magic
 + Level 0.4 Air Magic
 + Level 0.4 Earth Magic
 + Level 0.4 Poison Magic
 + Level 0.7 Invocations
 + Level 0.5 Evocations


You had 5 spell levels left.
You knew the following spells:

 Your Spells              Type           Power      Damage    Failure   Level
a - Apportation           Tloc           30%        N/A       1%          1

Your spell library contained the following spells:

 Spells                   Type           Power      Damage    Failure   Level
 Portal Projectile        Hex/Tloc       16%        N/A       22%         3
 Iskenderun's Mystic Bla  Conj/Tloc      8%         2d4       58%         4


Dungeon Overview and Level Annotations

Branches:
Dungeon (2/15)

Altars:


Innate Abilities, Weirdness & Mutations

You have very sharp teeth.
Your uncanny sense of smell can sniff out nearby items.
Your experience applies equally to all skills.


Message History

The orc priest shouts!
You hear a shout!
An orc wizard comes into view. It is wielding a +0 dagger.
The orc wizard shouts!
An orc comes into view. It is wielding a +0 short sword.
You closely miss the orc. You punch the orc.
The orc is lightly wounded.
The orc completely misses you.
The orc priest calls upon Beogh to heal the orc.
The orc's wounds heal themselves!
You hit the orc but do no damage. You barely miss the orc.
The orc hits you with a +0 vorpal war axe!
The orc hits you with a +0 short sword.
The orc hits you with a +0 vorpal war axe.
The orc priest closely misses you. The orc hits you with a +0 short sword.
* * * LOW HITPOINT WARNING * * *
You are too injured to fight recklessly!
You are too injured to fight recklessly!
You are too injured to fight recklessly!
You are too injured to fight recklessly!
Adjust (i)tems, (s)pells, or (a)bilities?
Okay, then.
It was a potion of curing.
You feel better.
The orc priest invokes the aid of Beogh against you.
Beogh smites you!
Ouch! That really hurt!
* * * LOW HITPOINT WARNING * * *
The orc misses you. The orc hits you but does no damage.
The orc closely misses you.
The orc wizard mumbles some strange words.
The orc wizard flickers and vanishes!
Deactivating autopickup; reactivate with Ctrl-A.
The orc attacks as you move away! The orc hits you with a +0 dagger.
* * * LOW HITPOINT WARNING * * *
The orc attacks as you move away! The orc barely misses you.
The orc hits you with a +0 short sword.
* * * LOW HITPOINT WARNING * * *
As you read the scroll labelled PUN YTRENYU, it crumbles to dust.
You feel strangely unstable.
It was a scroll of teleportation.
The orc priest hits you with a +0 whip.
You die...

.. .##... .#
### ##......#
.. /..
........# .#..#
#...#.... .#..#
#........ ....#
∆
#.......##{..#
#. #....oo...#
#. ###..@oo..##
#. #..##.......
#. #..##...###.
#.####.......#
#.<....).....#
##########.....
..### .# .


You could see an orc priest and 3 orcs.

Vanquished Creatures
  5 endoplasms
  A goblin (D:2)
  A hobgoblin (D:2)
  3 jackals (D:1)
  A ball python (D:1)
  2 frilled lizards (D:1)
  4 kobolds (D:1)
17 creatures vanquished.

Notes
Turn   | Place    | Note
-------+----------+-------------------------------------------
     0 | D:1      | ragingrage the Gnoll Wanderer began the quest for the Orb.
     0 | D:1      | ragingrage set off with the following items: a +0 mace, 12
                  | poisoned darts, a +0 dagger, a potion of lignification, a
                  | +0 leather armour; and the following spell memorised:
                  | Apportation; and the following spells available to
                  | memorise: Portal Projectile, Iskenderun's Mystic Blast.
     0 | D:1      | Reached XP level 1. HP: 17/17 MP: 4/4
   456 | D:1      | Reached XP level 2. HP: 23/23 MP: 5/5
  1090 | D:2      | HP: 1/23 [orc/+0 short sword (1)]
  1091 | D:2      | Slain by an orc priest

Illustrated notes

Levels and vault maps discovered:
D:1:      heliophobic_arrival_glass_houses, layout_rooms
D:2:      layout_basic

Action                   || total
-------------------------++-------
Melee: Hand axe          ||    43
       Bite              ||     4
       Punch             ||     2
  Use: Scroll            ||     1
       Potion            ||     1
Armor: Leather armour    ||    21
Dodge: Dodged            ||    32

Table legend: (Time is in decaauts)
 A = Elapsed time spent in this place.
 B = Non-inter-level travel time spent in this place.
 C = Inter-level travel time spent in this place.
 D = Time resting spent in this place.
 E = Time spent auto-exploring this place.
 F = Levels seen in this place.
 G = Mean time per level.
                   A        B        C        D        E       F      G
               +--------+--------+--------+--------+--------+-----+--------+
         Total |   1102 |   1085 |     17 |    224 |    738 |   2 |  551.0 |
       Dungeon |   1102 |   1085 |     17 |    224 |    738 |   2 |  551.0 |
               +--------+--------+--------+--------+--------+-----+--------+

Top non-repeatable levels by time:
     D:1: 1043 daAuts
     D:2: 59 daAuts
